 Dungeon Crawl Stone Soup version 0.19.1 (webtiles) character file.

4935 Haldmier the Frost Mage (level 10, -4/50 HPs)
             Began as a Deep Elf Ice Elementalist on Dec 3, 2016.
             Was a Priest of Kikubaaqudgha.
             Slain by a slime creature (12 damage)
             ... on level 9 of the Dungeon.
             The game lasted 00:56:53 (9606 turns).

Haldmier the Frost Mage (Deep Elf Ice Elementalist) Turns: 9606, Time: 00:56:55

Health: -4/50      AC:  9    Str:  5    XL:     10   Next: 27%
Magic:  15/21      EV: 12    Int: 26    God:    Kikubaaqudgha [***...]
Gold:   139        SH:  0    Dex: 20    Spells: 8 memorised, 1 level left

rFire  + . .     SeeInvis .     t - +7 dagger of Death {pain, +Rage rElec Int+3 Dex+3}
rCold  + + .     Gourm    .     o - +1 leather armour of the Planets {*Contam rF+ rC+ Slay+5}
rNeg   . . .     Faith    .     (no shield)
rPois  +         Spirit   .     j - +0 helmet
rElec  +         Reflect  .     z - +1 cloak {rPois}
rCorr  .         Harm     .     D - +0 pair of gloves of Youthful Indiscretion {rElec MR+++ Int-3 Stlth-} (curse)
MR     ++++.                    O - +0 pair of boots
Stlth  +++.......               (no amulet)
                                H - ring of ice
                                k - ring "Jiral" {rF+ Int+2 Dex+2}

@: regenerating
A: no striking features
a: Receive Corpses, Renounce Religion, Evoke Berserk Rage


You were on level 9 of the Dungeon.
You worshipped Kikubaaqudgha.
Kikubaaqudgha was most pleased with you.
You were not hungry.

You visited 1 branch of the dungeon, and saw 10 of its levels.

You collected 667 gold pieces.
You spent 528 gold pieces at shops.

Inventory:

Hand Weapons
 b - a +2 trident of protection
 t - the +7 dagger of Death (weapon) {pain, +Rage rElec Int+3 Dex+3}
   (You found it on level 6 of the Dungeon)

   In the hands of one skilled in necromantic magic, it inflicts extra damage on
   living creatures.
   It affects your intelligence (+3).
   It affects your dexterity (+3).
   It insulates you from electricity.
   It lets you go berserk.
Missiles
 h - 3 throwing nets
 Q - 3 tomahawks of returning (quivered)
Armour
 j - a +0 helmet (worn)
 o - the +1 leather armour of the Planets (worn) {*Contam rF+ rC+ Slay+5}
   (You bought it in a shop on level 7 of the Dungeon)

   It affects your accuracy and damage with ranged weapons and melee attacks
   (+5).
   It protects you from fire.
   It protects you from cold.
   It causes magical contamination when unequipped.
 z - a +1 cloak of poison resistance (worn)
 D - the cursed +0 pair of gloves of Youthful Indiscretion (worn) {rElec MR+++ Int-3 Stlth-}
   (You bought it in a shop on level 7 of the Dungeon)

   It affects your intelligence (-3).
   It insulates you from electricity.
   It affects your resistance to hostile enchantments.
   It makes you less stealthy.
   It has a curse placed upon it.
 O - a +0 pair of boots (worn)
Jewellery
 k - the ring "Jiral" (left hand) {rF+ Int+2 Dex+2}
   (You found it on level 6 of the Dungeon)

   [ring of protection from fire]

   It affects your intelligence (+2).
   It affects your dexterity (+2).
   It protects you from fire.
 l - a cursed -3 ring of strength {unknown}
 v - an uncursed ring of protection from magic
 C - an uncursed ring of positive energy
 H - a ring of ice (right hand)
 S - an uncursed ring of protection from magic
 V - an uncursed ring of protection from cold {unknown}
Wands
 f - a wand of polymorph (16/24)
 A - a wand of flame (27/48)
 F - a wand of disintegration (19/24)
 T - a wand of acid (11/15)
 W - a wand of flame (18/48)
Scrolls
 a - a scroll of amnesia {unknown}
 d - 8 scrolls of teleportation
 g - 3 scrolls of immolation
 p - 7 scrolls of remove curse
 s - a scroll of torment {unknown}
 I - 4 scrolls of magic mapping
 L - a scroll of blinking
 M - a scroll of recharging
 U - a scroll of fog
 Y - a scroll of fear
Potions
 e - a potion of heal wounds {unknown}
 q - a potion of cancellation {unknown}
 x - 4 potions of lignification
 E - 4 potions of ambrosia
 G - a potion of resistance {unknown}
 J - 2 potions of brilliance {unknown}
 P - 5 potions of curing {unknown}
 R - a potion of cure mutation {unknown}
 X - a potion of haste {unknown}
 Z - 2 potions of flight {unknown}
Books
 u - a book of Battle

   Spells                             Type                      Level
   a - Infusion                       Charms                       1
   b - Shroud of Golubria             Charms/Translocation         2
   c - Song of Slaying                Charms                       2
   d - Spectral Weapon                Hexes/Charms                 3
   e - Regeneration                   Charms/Necromancy            3
 y - Kikubaaqudgha's Reference Book on Darkness
   (Kikubaaqudgha gifted it to you on level 9 of the Dungeon)

   Spells                             Type                      Level
   a - Animate Dead                   Necromancy                   4
   b - Excruciating Wounds            Charms/Necromancy            5
   c - Bolt of Draining               Conjuration/Necromancy       5
   d - Agony                          Necromancy                   5
   e - Dispel Undead                  Necromancy                   5
 K - a book of Frost

   Spells                             Type                      Level
   a - Freeze                         Ice                          1
   b - Throw Frost                    Conjuration/Ice              2
   c - Ozocubu's Armour               Charms/Ice                   3
   d - Throw Icicle                   Conjuration/Ice              4
   e - Summon Ice Beast               Ice/Summoning                4
 N - Kikubaaqudgha's Handbook of Sinister Magic
   (Kikubaaqudgha gifted it to you on level 4 of the Dungeon)

   Spells                             Type                      Level
   a - Animate Skeleton               Necromancy                   1
   b - Corpse Rot                     Necromancy                   2
   c - Sublimation of Blood           Necromancy                   2
   d - Regeneration                   Charms/Necromancy            3
   e - Control Undead                 Necromancy                   4
Comestibles
 c - 10 bread rations
 i - 7 meat rations
 m - 2 slices of pizza
 n - 2 royal jellies
 w - 6 beef jerkies
 B - 7 fruits


   Skills:
 * Level 5.3 Short Blades
 - Level 2.4 Dodging
 * Level 7.7 Stealth
 - Level 6.2 Spellcasting
 + Level 7.0 Conjurations
 - Level 5.2 Charms
 + Level 5.1 Summonings
 + Level 6.2 Necromancy
 + Level 8.0 Ice Magic


You had one spell level left.
You knew the following spells:

 Your Spells              Type           Power        Failure   Level  Hunger
a - Freeze                Ice            ####         1%          1    None
b - Throw Frost           Conj/Ice       ######       1%          2    None
c - Ozocubu's Armour      Chrm/Ice       ######..     2%          3    None
d - Throw Icicle          Conj/Ice       ######..     6%          4    ###....
e - Regeneration          Chrm/Necr      #####.....   3%          3    None
f - Sublimation of Blood  Necr           #####.....   1%          2    None
g - Animate Skeleton      Necr           N/A          1%          1    None
h - Summon Ice Beast      Ice/Summ       ######..     10%         4    ###....


Dungeon Overview and Level Annotations

Branches:
Dungeon (10/15)            Temple (0/1) D:5
   Lair: D:8-11         Orc: D:9-12

Altars:
Dithmenos
Elyvilon
Fedhas
Gozag
Kikubaaqudgha
Makhleb
Okawaru
Qazlal
Sif Muna
Trog
Uskayaw
Vehumet

Shops:
D:7 [


Message History

The slime creature is severely wounded.
The slime creature hits you!
You take 11 damage, and have 18/50 hp.
MASSIVE DAMAGE!!
You hit the slime creature.
The slime creature writhes in agony.
The slime creature is severely wounded.
Your icy armour evaporates.
The slime creature barely misses you.
You hit the slime creature.
The slime creature writhes in agony.
The slime creature is almost dead.
The slime creature hits you!
* * * LOW HITPOINT WARNING * * *
You take 16 damage, and have 2/50 hp.
MASSIVE DAMAGE!!
Your skin stops crawling.
Casting: Regeneration
Confirm with . or Enter, or press ? or * to list all spells.
Your skin crawls.
You now have 14/21 mp.
The slime creature hits you!
You die...
Kikubaaqudgha rasps: "You have failed me!
Welcome... death!"

#.##.
######################...#
#>.......................#
#(###.##################.#
#..##.# #.. #####..)..# #..
#......#### #..
#.#....######################.
#.#.........J@.......[.....[..
#....########.....############
#######.#### #.###.# #
#..........# #^# #.#
#.######.#.# #.# #.#
#........#)# #.# #.# ###
####.......## #.###.# #..
#.######<# #...#.### #####.#
#.# #.######Z#.).# #(.....


You could see a slime creature.

Vanquished Creatures
  A gargoyle (D:9)
  4 slime creatures
  A two-headed ogre (D:9)
  A shadow (D:7)
  Edmund (D:6)
  Duvessa (D:5)
  4 black bears
  An orc warrior (D:9)
  An ice beast (D:9)
  An eye of draining (D:9)
  3 ogres
  A phantom (D:8)
  2 centaurs
  3 bullfrogs
  A big kobold (D:8)
  Dowan (D:5)
  3 scorpions
  2 howler monkeys (D:9)
  4 crimson imps
  A jelly (D:6)
  2 hounds
  A quasit (D:9)
  11 orc wizards
  Crazy Yiuf (D:2)
  A centaur skeleton (D:4)
  11 orc priests
  An iguana (D:9)
  Terence (D:3)
  9 worker ants
  A hound zombie (D:8)
  13 adders
  3 gnolls (D:3)
  A shadow imp (D:6)
  An adder zombie (D:7)
  A worm (D:3)
  A dart slug (D:1)
  6 leopard geckos
  42 orcs
  A ball python (D:1)
  8 giant cockroaches
  11 hobgoblins
  2 jackals (D:6)
  6 quokkas
  5 bats
  7 frilled lizards
  5 goblins
  A jackal zombie (D:5)
  18 kobolds
  A quokka skeleton (D:9)
  A quokka zombie (D:8)
  9 rats
219 creatures vanquished.

Vanquished Creatures (collateral kills)
  Grinder (D:3)
  A phantom (D:5)
  A hound (D:6)
  A hound skeleton (D:9)
  An orc (D:7)
5 creatures vanquished.

Vanquished Creatures (others)
  A human (D:3)
1 creature vanquished.

Grand Total: 225 creatures vanquished

Notes
Turn   | Place    | Note
-------+----------+-------------------------------------------
     0 | D:1      | Haldmier the Deep Elf Ice Elementalist began the quest for the Orb.
     0 | D:1      | Reached XP level 1. HP: 10/10 MP: 6/6
   362 | D:1      | Reached XP level 2. HP: 4/15 MP: 2/8
   363 | D:1      | Reached skill level 4 in Ice Magic
  1122 | D:1      | Reached XP level 3. HP: 16/19 MP: 4/9
  1126 | D:1      | Learned a level 2 spell: Throw Frost
  1130 | D:1      | Learned a level 3 spell: Ozocubu's Armour
  1202 | D:1      | Reached skill level 1 in Charms
  1404 | D:2      | Found an iron altar of Okawaru.
  1450 | D:2      | Reached XP level 4. HP: 17/24 MP: 5/10
  1670 | D:2      | Reached skill level 5 in Ice Magic
  1681 | D:2      | Found a faded altar of an unknown god.
  1797 | D:2      | Found a runed door.
  2033 | D:2      | Noticed a moth of wrath
  2042 | D:2      | Found a bloodstained altar of Trog.
  2241 | D:2      | Noticed Crazy Yiuf
  2245 | D:2      | Killed Crazy Yiuf
  2245 | D:2      | Reached XP level 5. HP: 28/28 MP: 6/11
  2697 | D:3      | Found a deep blue altar of Sif Muna.
  2778 | D:3      | Noticed Terence
  2788 | D:3      | Killed Terence
  2937 | D:3      | Found an ancient bone altar of Kikubaaqudgha.
  2937 | D:3      | Noticed a human
  2940 | D:3      | Killed a human
  2941 | D:3      | Became a worshipper of Kikubaaqudgha
  3044 | D:3      | Reached XP level 6. HP: 29/32 MP: 6/12
  3170 | D:3      | Noticed Grinder
  3193 | D:3      | Learned a level 4 spell: Throw Icicle
  3546 | D:4      | Reached * piety under Kikubaaqudgha
  3546 | D:4      | Identified Kikubaaqudgha's Handbook of Sinister Magic (Kikubaaqudgha gifted it to you on level 4 of the Dungeon)
  3546 | D:4      | Received a gift from Kikubaaqudgha
  3560 | D:4      | Learned a level 1 spell: Animate Skeleton
  3606 | D:4      | Found a white marble altar of Elyvilon.
  3698 | D:4      | Found a burning altar of Makhleb.
  3946 | D:4      | Reached skill level 6 in Ice Magic
  4010 | D:4      | Found a stormy altar of Qazlal.
  4108 | D:5      | Entered Level 5 of the Dungeon
  4113 | D:4      | Reached skill level 5 in Charms
  4113 | D:4      | Reached skill level 1 in Necromancy
  4113 | D:4      | Reached XP level 7. HP: 35/36 MP: 11/15
  4161 | D:5      | Found a staircase to the Ecumenical Temple.
  4228 | D:5      | Found a blossoming altar of Fedhas.
  4275 | D:5      | Noticed Duvessa
  4277 | D:5      | Noticed Dowan
  4286 | D:5      | Killed Duvessa
  4303 | D:5      | Killed Dowan
  4654 | D:5      | Reached skill level 5 in Spellcasting
  4666 | D:5      | Learned a level 4 spell: Summon Ice Beast
  4834 | D:5      | Reached skill level 1 in Summonings
  4886 | D:5      | Reached XP level 8. HP: 41/41 MP: 6/18
  4924 | D:5      | Learned a level 3 spell: Regeneration
  5032 | D:5      | Reached skill level 5 in Conjurations
  5162 | D:5      | Found a shadowy altar of Dithmenos.
  5162 | D:5      | Found a hide-covered altar of Uskayaw.
  5671 | D:3      | Killed Grinder
  5671 | D:3      | Reached skill level 7 in Ice Magic
  5783 | D:6      | Got a shimmering copper ring
  5796 | D:5      | Identified the ring "Jiral" {rF+ Int+2 Dex+2} (You found it on level 6 of the Dungeon)
  5944 | D:6      | Got a crystal dagger
  5945 | D:6      | Identified the +7 dagger of Death {pain, +Rage rElec Int+3 Dex+3} (You found it on level 6 of the Dungeon)
  5979 | D:6      | Found an opulent altar of Gozag.
  6487 | D:6      | Reached skill level 1 in Short Blades
  6489 | D:6      | Noticed Edmund
  6496 | D:6      | Killed Edmund
  6878 | D:7      | Found Isupn's Antique Armour Shop.
  6886 | D:7      | Bought a steaming leather armour for 224 gold pieces
  6896 | D:7      | Identified the +1 leather armour of the Planets {*Contam rF+ rC+ Slay+5} (You bought it in a shop on level 7 of the Dungeon)
  6926 | D:7      | Reached XP level 9. HP: 33/45 MP: 20/20
  6940 | D:7      | Learned a level 2 spell: Sublimation of Blood
  7219 | D:7      | Reached ** piety under Kikubaaqudgha
  7916 | D:7      | Bought a pair of spiked gloves for 304 gold pieces
  7926 | D:7      | Identified the cursed +0 pair of gloves of Youthful Indiscretion {rElec MR+++ Int-3 Stlth-} (You bought it in a shop on level 7 of the Dungeon)
  8080 | D:8      | Reached skill level 5 in Stealth
  8235 | D:8      | Reached skill level 5 in Necromancy
  8535 | D:8      | Found a radiant altar of Vehumet.
  8695 | D:9      | Noticed a gargoyle
  8696 | D:9      | Killed a gargoyle
  8996 | D:9      | Reached *** piety under Kikubaaqudgha
  8996 | D:9      | Identified Kikubaaqudgha's Reference Book on Darkness (Kikubaaqudgha gifted it to you on level 9 of the Dungeon)
  8996 | D:9      | Received a gift from Kikubaaqudgha
  9077 | D:9      | Reached XP level 10. HP: 50/50 MP: 19/21
  9383 | D:10     | Entered Level 10 of the Dungeon
  9488 | D:10     | Reached skill level 5 in Short Blades
  9521 | D:10     | Reached skill level 5 in Summonings
  9550 | D:10     | Reached skill level 8 in Ice Magic
  9590 | D:9      | HP: 2/50 [slime creature (17)]
  9606 | D:9      | Slain by a slime creature

Skill      XL: |  1  2  3  4  5  6  7  8  9 10 |
---------------+-------------------------------+-----
Ice Magic      | 4 5 6 7 8 |  8.0
Charms         | 2 3 4 5 |  5.2
Conjurations   | 2 3 4 5 6 7 |  7.0
Spellcasting   | 4 5 6 |  6.2
Necromancy     | 1 3 4 5 6 |  6.2
Summonings     | 1 3 4 5 |  5.1
Stealth        | 4 7 |  7.7
Short Blades   | 2 4 5 |  5.3
Dodging        | |  2.4

Action                   |  1- 3 |  4- 6 |  7- 9 | 10-12 || total
-------------------------+-------+-------+-------+-------++-------
Melee: Dagger            |       |       |   199 |    59 ||   258
 Fire: Hunting sling     |       |   108 |    66 |       ||   174
 Cast: Freeze            |    50 |    87 |    86 |     1 ||   224
       Throw Frost       |       |     4 |    14 |     4 ||    22
       Ozocubu's Armour  |       |     8 |    17 |     4 ||    29
       Animate Skeleton  |       |       |    34 |       ||    34
       Regeneration      |       |       |     9 |     4 ||    13
       Summon Ice Beast  |       |       |     3 |       ||     3
       Throw Icicle      |       |       |     4 |       ||     4
  Use: Scroll            |       |       |    14 |     1 ||    15
 Stab: Sleeping          |       |       |     9 |     1 ||    10
       Distracted        |       |       |     2 |       ||     2
  Eat: Chunk             |     1 |     9 |    18 |     2 ||    30
Armor: Robe              |    13 |    25 |    39 |       ||    77
       Leather armour    |       |       |    53 |    19 ||    72
Dodge: Dodged            |    39 |    56 |   161 |    22 ||   278
